 Dungeon Crawl Stone Soup version 0.22.1-6-g1668fe2 (webtiles) character file.

1827 dengdeng the Cleaver (level 8, -7/71 HPs)
             Began as a Minotaur Berserker on Jan 26, 2019.
             Was an Elder of Trog.
             Mangled by a large slime creature (36 damage)
             ... on level 7 of the Dungeon.
             The game lasted 00:22:26 (5696 turns).

dengdeng the Cleaver (Minotaur Berserker)           Turns: 5696, Time: 00:22:27

Health: -7/71      AC: 14    Str: 25    XL:     8   Next: 86%
Magic:  7/7        EV:  8    Int:  4    God:    Trog [****..]
Gold:   370        SH:  0    Dex:  9    Spells: 7/7 levels left

rFire    . . .     SeeInvis .   v - +0 great sword
rCold    . . .     Gourm    .   (shield currently unavailable)
rNeg     . . .     Faith    .   d - +0 plate armour
rPois    .         Spirit   .   (helmet restricted)
rElec    .         Reflect  .   (no cloak)
rCorr    .         Harm     .   g - +0 pair of gloves
MR       +++..                  (no boots)
Stlth    ..........             (no amulet)
HPRegen  1.21/turn              H - ring of protection from magic
MPRegen  0.10/turn              (no ring)

@: regenerating
A: retaliatory headbutt, horns 2
a: Berserk, Trog's Hand, Brothers in Arms, Renounce Religion


You were on level 7 of the Dungeon.
You worshipped Trog.
Trog was greatly pleased with you.
You were not hungry.

You visited 1 branch of the dungeon, and saw 7 of its levels.
You also visited: Ossuary.

You collected 370 gold pieces.

Inventory:

Hand Weapons
 m - a +1 hand axe of flaming
 r - a +2 antimagic hand axe
 v - a +0 great sword (weapon)
 x - a +2 hand axe of electrocution
 C - a +3 flail of holy wrath
 D - a +3 falchion of protection
Missiles
 i - 167 stones (quivered)
 w - 2 tomahawks
Armour
 d - a +0 plate armour (worn)
 g - a +0 pair of gloves (worn)
Jewellery
 H - a ring of protection from magic (left hand)
Wands
 s - a wand of iceblast (8)
Scrolls
 b - 6 scrolls of identify {unknown}
 e - a scroll of amnesia {unknown}
 f - 4 scrolls of fog {unknown}
 j - 4 scrolls of magic mapping {unknown}
 l - 5 scrolls of remove curse
 q - a scroll of teleportation {unknown}
 t - 2 scrolls of blinking {unknown}
 y - 2 scrolls of noise {unknown}
 B - 2 scrolls of enchant weapon {unknown}
Potions
 a - a potion of ambrosia {unknown}
 h - 2 potions of cancellation {unknown}
 k - 3 potions of heal wounds {unknown}
 n - a potion of brilliance {unknown}
 o - a potion of curing {unknown}
 p - 2 potions of lignification {unknown}
 u - 4 potions of haste {unknown}
 z - a potion of might {unknown}
 A - a potion of flight {unknown}
 E - 2 potions of invisibility {unknown}
 F - 2 potions of degeneration {unknown}
Comestibles
 c - 10 rations
 G - 7 chunks of flesh


   Skills:
 + Level 6.4 Fighting
 * Level 5.8 Long Blades
 - Level 8.8(8.9) Axes
 - Level 1.6(5.7) Maces & Flails
 + Level 2.6 Throwing
 + Level 6.6 Armour
 + Level 2.5 Dodging
 + Level 0.8 Stealth


You had 7 spell levels left.
You didn't know any spells.
Your spell library was empty.

Dungeon Overview and Level Annotations

Branches:
Dungeon (7/15)             Temple (0/1) D:4

Altars:
Ashenzari
Dithmenos
Hepliaklqana
Ru
Sif Muna
Yredelemnul

Annotations:
D:4 2 transporters


Innate Abilities, Weirdness & Mutations

You reflexively headbutt those who attack you in melee.
You have a pair of horns on your head.


Message History

There is an open door here.
The slime creature barely misses you.
Two slime creatures merge to form a large slime creature.
Your skin crawls.
You feel resistant to hostile enchantments.
You feel quite a bit more hungry.
Two slime creatures merge to form a very large slime creature.
You slash the very large slime creature!
You headbutt the very large slime creature!
The very large slime creature is lightly wounded.
A very large slime creature splits.
You hit the large slime creature.
The large slime creature is lightly wounded.
The large slime creature hits you!! The slime creature closely misses you.
You slash the large slime creature! You headbutt the large slime creature.
The large slime creature is moderately wounded.
The large slime creature hits you! The slime creature hits you!
The large slime creature hits you!!!
Ouch! That really hurt!
You die...

#.....####........#.....#.#......
##..........###...........####.##
...[........# ############# #.#.
###.####..... #.#. .......#.#####
#.#. .#..#.##. ######## ..#.
.#..#.# #.÷....########## ###.
.#..# # #.PP...'##......######.
..... #....J@#)#.......##.##.
...... #P.P.PJ#.#........'.##.
....... #..÷.÷.#.#..(.....'.)#)
........ #..PP..#.#'#......'.)))
...... #...÷.÷#.#.#.....##.##.
#...P.P#.#.#....######.
#(.....##.####### #. ###########
#. #.


You could see a large slime creature and a slime creature.

Vanquished Creatures
  Eustachio (D:5)
  Edmund (D:5)
  A phantom (D:5)
  An ogre (D:4)
  4 big kobolds (D:7)
  2 elf zombies (Ossuary)
  A bullfrog (D:7)
  A howler monkey (D:4)
  2 centaur zombies
  A crimson imp (D:7)
  2 human zombies (Ossuary)
  5 jellies (D:7)
  2 orc wizards
  4 worker ants
  3 big kobold zombies (Ossuary)
  3 hound zombies
  3 mummies (Ossuary)
  4 worker ant zombies
  6 adders
  3 oozes (D:7)
  4 adder zombies (Ossuary)
  5 worms (D:3)
  An adder skeleton (D:6)
  A dart slug (D:1)
  23 orcs
  5 bats
  6 giant cockroaches
  4 gnoll zombies (Ossuary)
  7 goblins
  8 hobgoblins
  4 jackals (D:2)
  A quokka (D:6)
  4 ball pythons
  A frilled lizard (D:1)
  4 goblin zombies (Ossuary)
  4 hobgoblin zombies (Ossuary)
  12 kobolds
  3 kobold zombies (Ossuary)
  2 orc zombies (Ossuary)
  4 quokka zombies (Ossuary)
  5 rats
  2 rat zombies (Ossuary)
160 creatures vanquished.

Vanquished Creatures (others)
  An orc wizard (D:3)
  2 fungi (D:7)
  6 toadstools (D:7)
9 creatures vanquished.

Grand Total: 169 creatures vanquished

Notes
Turn   | Place    | Note
-------+----------+-------------------------------------------
     0 | D:1      | dengdeng the Minotaur Berserker began the quest for the
                  | Orb.
     0 | D:1      | Reached XP level 1. HP: 19/19 MP: 0/0
    59 | D:1      | Reached XP level 2. HP: 25/27 MP: 1/1
   169 | D:1      | Reached skill level 4 in Axes
   974 | D:2      | Reached XP level 3. HP: 34/34 MP: 2/2
   983 | D:2      | Reached ** piety under Trog
  1245 | D:2      | Found a sacrificial altar of Ru.
  1333 | D:2      | Found a shattered altar of Ashenzari.
  2039 | D:3      | Found a deep blue altar of Sif Muna.
  2052 | D:3      | Reached skill level 1 in Throwing
  2052 | D:3      | Reached XP level 4. HP: 29/41 MP: 3/3
  2300 | D:3      | Reached XP level 5. HP: 45/47 MP: 4/4
  2396 | D:3      | Reached skill level 5 in Axes
  2719 | D:4      | Noticed an ogre
  2726 | D:4      | Killed an ogre
  2726 | D:4      | Reached XP level 6. HP: 18/55 MP: 5/5
  2933 | D:4      | Found a transporter.
  2952 | D:4      | Noticed an orc warrior
  2952 | D:4      | Noticed a wyvern
  2955 | D:4      | Found a hazy altar of Hepliaklqana.
  2968 | D:4      | Found a transporter.
  3063 | D:4      | Found a staircase to the Ecumenical Temple.
  3513 | D:5      | Entered Level 5 of the Dungeon
  3666 | D:5      | Noticed Edmund
  3676 | D:5      | Killed Edmund
  3676 | D:5      | Reached skill level 6 in Axes
  3732 | D:5      | Reached skill level 5 in Fighting
  3732 | D:5      | Reached XP level 7. HP: 56/61 MP: 6/6
  3869 | D:5      | Noticed Eustachio
  3901 | D:5      | Killed Eustachio
  3901 | D:5      | Reached skill level 7 in Axes
  3901 | D:5      | Reached skill level 5 in Armour
  4140 | D:5      | Found a sand-covered staircase.
  4149 | Ossuary  | Entered an ossuary
  4166 | Ossuary  | Reached *** piety under Trog
  4210 | Ossuary  | Reached skill level 1 in Maces & Flails
  4320 | Ossuary  | Reached skill level 8 in Axes
  4386 | Ossuary  | Reached XP level 8. HP: 63/69 MP: 7/7
  4993 | D:6      | Found a shadowy altar of Dithmenos.
  5286 | D:7      | Reached **** piety under Trog
  5294 | D:7      | Reached skill level 1 in Long Blades
  5510 | D:7      | Found a basalt altar of Yredelemnul.
  5671 | D:7      | Reached skill level 5 in Long Blades
  5678 | D:7      | Noticed a slime creature
  5678 | D:7      | Noticed a slime creature
  5678 | D:7      | Noticed a slime creature
  5696 | D:7      | Mangled by a large slime creature

Skill      XL: |  1  2  3  4  5  6  7  8 |
---------------+-------------------------+-----
Fighting       | 4 5 6 |  6.4
Axes           | 4 5 6 8 |  8.8
Armour         | 3 4 5 6 |  6.6
Throwing       | 1 2 |  2.6
Maces & Flails | 1 |  1.6
Long Blades    | 5 |  5.8
Dodging        | |  2.5
Stealth        | |  0.8

Action                   |  1- 3 |  4- 6 |  7- 9 || total
-------------------------+-------+-------+-------++-------
Melee: Hand axe          |    75 |    81 |   134 ||   290
       Headbutt          |    13 |    14 |    55 ||    82
       Flail             |       |    14 |    31 ||    45
       Great sword       |       |       |    80 ||    80
Throw: Stone             |    47 |    24 |       ||    71
       Tomahawk          |       |     5 |       ||     5
Invok: Trog's Hand       |     1 |     1 |     3 ||     5
       Berserk           |       |     1 |     1 ||     2
  Use: Scroll            |       |       |     1 ||     1
  Eat: Chunk             |     3 |     3 |     6 ||    12
       Ration            |       |     1 |     1 ||     2
Armor: Plate armour      |    43 |    51 |   255 ||   349
Dodge: Dodged            |    22 |    25 |   129 ||   176
       Rpst.: Great sword |       |       |    12 ||    12
